 Dungeon Crawl Stone Soup version 0.29-a0-872-g797fff5ad1 (webtiles) character file.

Game seed: 7777528389326128168

115 mathmaestro the Grave Robber (level 4, -1/33 HPs)
             Began as a Demonspawn Necromancer on July 18, 2022.
             Slain by Menkaure (13 damage)
             ... on level 4 of the Dungeon.
             The game lasted 00:06:43 (2521 turns).

mathmaestro the Grave Robber (DsNe)                 Turns: 2521, Time: 00:06:44

Health: -1/33      AC:  5    Str: 15    XL:     4   Next: 68%
Magic:  6/8        EV: 12    Int: 18    God:
Gold:   194        SH:  0    Dex: 13    Spells: 1/9 levels left

rFire   . . .      SeeInvis .   h - +3 dagger (vamp)
rCold   . . .      Faith    .   (no shield)
rNeg    . . .      Spirit   .   n - +2 leather armour of Dishonesty {Str+6}
rPois   .          Reflect  .   (helmet restricted)
rElec   .          Harm     .   (no cloak)
rCorr   .          Rampage  .   (no gloves)
Will    .....                   (no boots)
Stlth   ++........              k - amulet of the acrobat
HPRegen 0.11/turn               (no ring)
MPRegen 0.22/turn               (no ring)

@: hasted, very quick
A: horns 1, magic regeneration
a: no special abilities


You were on level 4 of the Dungeon.
You visited 1 branch of the dungeon, and saw 4 of its levels.

You collected 194 gold pieces.

Inventory:

Hand Weapons
 c - a +0 long sword
 h - a +3 vampiric dagger (weapon)
Missiles
 i - 12 boomerangs
Armour
 n - the +2 leather armour of Dishonesty (worn) {Str+6}
   (You found it on level 3 of the Dungeon)

   Str:       It affects your strength (+6).
 o - an orb of light
Jewellery
 k - an amulet of the acrobat (around neck)
Scrolls
 e - 2 scrolls of enchant weapon
 f - a scroll of identify
 p - a scroll of fear {unknown}
Potions
 a - a potion of might {unknown}
 b - a potion of magic
 d - a potion of ambrosia {unknown}
 g - a potion of haste
 j - 3 potions of curing {unknown}
 l - 2 potions of attraction {unknown}
 m - a potion of lignification {unknown}


   Skills:
 + Level 2.2 Fighting
 - Level 2.0 Dodging
 - Level 2.0 Stealth
 + Level 3.0 Spellcasting
 + Level 5.2 Necromancy


You had one spell level left.
You knew the following spells:

 Your Spells              Type           Power      Damage    Failure   Level
a - Necrotise             Necr           84%        1d8       2%          1
b - Vampiric Draining     Necr           21%        2d7       7%          3
c - Animate Dead          Necr           21%        N/A       24%         4

Your spell library contained the following spells:

 Spells                   Type           Power      Damage    Failure   Level
 Apportation              Tloc           4%         N/A       21%         1
 Beastly Appendage        Tmut           4%         N/A       21%         1
 Foxfire                  Conj/Fire      8%         2x1d4     21%         1
 Summon Small Mammal      Summ           8%         N/A       21%         1
 Scorch                   Fire           4%         2d5       30%         2
 Wereblood                Tmut           2%         N/A       30%         2
 Conjure Flame            Conj/Fire      2%         6-21      52%         3
 Inner Flame              Hex/Fire       2%         N/A       52%         3
 Spider Form              Tmut/Pois      2%         N/A       52%         3
 Agony                    Necr           21%        N/A       54%         5
 Flame Wave               Conj/Fire      2%         2d4       89%         4
 Summon Cactus Giant      Summ           1%         N/A       100%        6


Dungeon Overview and Level Annotations

Branches:
Dungeon (4/15)
 Temple: D:4-7

Altars:

Annotations:
D:3 1 runed translucent door, Crazy Yiuf
D:4 Menkaure


Innate Abilities, Weirdness & Mutations

You have a pair of small horns on your head.
You regenerate magic rapidly.


Message History

You hit Menkaure. You headbutt Menkaure.
Menkaure is moderately damaged.
The quokka barely misses you.
You hit Menkaure but do no damage.
Menkaure is moderately damaged.
Menkaure casts a spell at you. Pain shoots through your body!
The quokka closely misses you.
You closely miss Menkaure.
Menkaure is moderately damaged.
The quokka completely misses you. Menkaure barely misses you.
Casting: Vampiric Draining (quite dangerous; 7% risk of failure)
Confirm with . or Enter, or press ? or * to list all spells.
The spell is quite dangerous to miscast (7% risk of failure)!
Continue anyway? [Y]es or [N]o only, please.
The spell is quite dangerous to miscast (7% risk of failure)!
Continue anyway?
Aiming: Vampiric Draining (quite dangerous; 7% risk of failure)
Press: ? - help, Shift-Dir - straight line, f - quokka
Aim: a quokka You draw life force from the quokka!
You kill the quokka!
You feel life coursing into your body. Menkaure completely misses you.
Unknown command.
You closely miss Menkaure.
Menkaure is moderately damaged.
Menkaure hits you!
Ouch! That really hurt!
You feel yourself speed up.
You closely miss Menkaure.
Menkaure is moderately damaged.
Menkaure casts a spell at you.
You barely resist. You hit Menkaure.
Menkaure is moderately damaged.
You hit Menkaure.
Menkaure is heavily damaged.
Menkaure closely misses you.
You hit Menkaure but do no damage.
Menkaure is heavily damaged.
Menkaure hits you!
You die...

#.##..♣PP.## #
#..#...♣♣P.## #
#....).♣♣♣P.# #
##..###P.PP..### #
###...# #...♣P..##
#.##...#.# ##..P♣♣.##
#...)#...# ###.....#
#.##.###.### #)#....
#>##@###...## #.#...#
#...†M...#..# #.##.##
####.#####♣.♣♣♣.##.##
#... ♣♣..♣♣..... #..#
♣♣..♣##..# ...#
♣♣...♣##(.# .....
♣....♣....# ###..#
♣..♣♣♣###.. #..
♣♣..♣♣###.#


You could see Menkaure.

Vanquished Creatures
  4 adders
  A dart slug (D:4)
  2 orcs (D:4)
  6 ball pythons
  3 bats (D:1)
  3 endoplasms
  7 giant cockroaches
  9 goblins
  9 hobgoblins
  2 jackals (D:3)
  6 kobolds
  4 quokkas
  2 frilled lizards
  3 rats
61 creatures vanquished.

Vanquished Creatures (collateral kills)
  A goblin (D:1)
  A hobgoblin (D:1)
  4 rats
6 creatures vanquished.

Grand Total: 67 creatures vanquished

Notes
Turn   | Place    | Note
-------+----------+-------------------------------------------
     0 | D:1      | mathmaestro the Demonspawn Necromancer began the quest for
                  | the Orb.
     0 | D:1      | Reached XP level 1. HP: 13/13 MP: 3/3
   211 | D:1      | Gained mutation: You have a pair of small horns on your
                  | head. [demonic ancestry]
   211 | D:1      | Reached XP level 2. HP: 20/20 MP: 0/5
   411 | D:1      | Reached skill level 1 in Fighting
   515 | D:1      | Reached XP level 3. HP: 26/26 MP: 1/6
   519 | D:1      | Learned a level 3 spell: Vampiric Draining
  1271 | D:2      | Found a faded altar of an unknown god.
  1616 | D:3      | Reached skill level 5 in Necromancy
  1618 | D:3      | Gained mutation: You regenerate magic rapidly. [demonic
                  | ancestry]
  1618 | D:3      | Reached XP level 4. HP: 33/33 MP: 1/8
  1678 | D:3      | Identified the +2 leather armour of Dishonesty {Str+6}
  1962 | D:3      | Found a runed translucent door.
  1963 | D:3      | Noticed Crazy Yiuf
  2198 | D:4      | Learned a level 4 spell: Animate Dead
  2509 | D:4      | Noticed Menkaure
  2521 | D:4      | Slain by Menkaure

Illustrated notes

Levels and vault maps discovered:
D:1:      grunt_arrival_lava_bath, layout_rooms, supply_closet_lemuel
D:2:      layout_basic, shapermc_ecumenical_altar_mp_highgroup,
          minmay_misc_feat_hallway
D:3:      layout_basic, uniq_crazy_yiuf_cottage
D:4:      layout_loops_ring, lemuel_round_altar, serial_forest,
          infiniplex_forest_lined_1, infiniplex_forest_lined_1,
          infiniplex_forest_lined_corner, infiniplex_forest_zigzag_2,
          infiniplex_forest_lined_3, infiniplex_forest_lined_room_,
          infiniplex_forest_clump_double, infiniplex_forest_clump_diagonal,
          infiniplex_forest_corner_2, infiniplex_forest_lined_room_2,
          uniq_menkaure, uniq_grinder

Skill      XL: |  1  2  3  4 |
---------------+-------------+-----
Stealth        | 2 |  2.0
Dodging        | 2 |  2.0
Fighting       | 1 2 |  2.2
Necromancy     | 5 |  5.2
Spellcasting   | 3 |  3.0

Action                   |  1- 3 |  4- 6 || total
-------------------------+-------+-------++-------
Melee: Long sword        |     3 |       ||     3
       Headbutt          |     7 |     5 ||    12
       Dagger            |    30 |    33 ||    63
 Cast: Necrotise         |    58 |    17 ||    75
       Vampiric Draining |       |     1 ||     1
  Use: Scroll            |     4 |       ||     4
       Potion            |       |     1 ||     1
 Stab: Sleeping          |     2 |       ||     2
       Distracted        |       |     1 ||     1
Armor: Robe              |     8 |       ||     8
       Leather armour    |       |     9 ||     9
Dodge: Dodged            |    18 |    28 ||    46

Table legend: (Time is in decaauts)
 A = Elapsed time spent in this place.
 B = Non-inter-level travel time spent in this place.
 C = Inter-level travel time spent in this place.
 D = Time resting spent in this place.
 E = Time spent auto-exploring this place.
 F = Levels seen in this place.
 G = Mean time per level.
                   A        B        C        D        E       F      G
               +--------+--------+--------+--------+--------+-----+--------+
         Total |   2519 |   2485 |     34 |    348 |   1596 |   4 |  629.8 |
       Dungeon |   2519 |   2485 |     34 |    348 |   1596 |   4 |  629.8 |
               +--------+--------+--------+--------+--------+-----+--------+

Top non-repeatable levels by time:
     D:1: 839 daAuts
     D:2: 670 daAuts
     D:3: 665 daAuts
     D:4: 343 daAuts
